 Dungeon Crawl Stone Soup version 0.25.1-8-g42b30a86e7 (webtiles) character file.

Game seed: 16187743805616382382

95 krpopo the Shield-Bearer (level 4, -1/41 HPs)
             Began as a Minotaur Fighter on Dec 10, 2020.
             Slain by an orc wizard
             ... wielding a +0 dagger
              (3 damage)
             ... on level 3 of the Dungeon.
             The game lasted 00:04:48 (1438 turns).

krpopo the Shield-Bearer (Minotaur Fighter)         Turns: 1438, Time: 00:04:49

Health: -1/41      AC:  7    Str: 20    XL:     4   Next: 40%
Magic:  3/3        EV:  7    Int:  5    God:
Gold:   145        SH:  9    Dex: 11    Spells: 3/3 levels left

rFire    . . .     SeeInvis .   a - +0 trident
rCold    . . .     Gourm    .   c - +0 kite shield
rNeg     . . .     Faith    .   b - +0 scale mail
rPois    .         Spirit   .   (helmet restricted)
rElec    .         Reflect  .   (no cloak)
rCorr    .         Harm     .   (no gloves)
MR       .....                  (no boots)
Stlth    ..........             (no amulet)
HPRegen  0.13/turn              (no ring)
MPRegen  0.08/turn              (no ring)

@: no status effects
A: retaliatory headbutt, horns 2
a: no special abilities


You were on level 3 of the Dungeon.
You were not hungry.

You visited 1 branch of the dungeon, and saw 3 of its levels.

You collected 145 gold pieces.

Inventory:

Hand Weapons
 a - a +0 trident (weapon)
 e - a +0 spear
 g - a +0 mace
 n - a +0 club
 q - a +0 flail
 s - a +0 short sword
Missiles
 r - 16 bolts
Armour
 b - a +0 scale mail (worn)
 c - a +0 kite shield (worn)
Scrolls
 j - a scroll of blinking {unknown}
 p - 3 scrolls of remove curse {unknown}
Potions
 d - a potion of might
 h - 2 potions of flight {unknown}
 i - 3 potions of curing {unknown}
 k - 2 potions of haste {unknown}
 l - a potion of degeneration {unknown}
 m - a potion of resistance {unknown}
 t - 2 potions of invisibility {unknown}
Comestibles
 f - 7 rations
 o - 3 chunks of flesh


   Skills:
 + Level 4.5 Fighting
 + Level 3.9 Polearms
 - Level 3.7 Armour
 + Level 4.6 Shields


You had 3 spell levels left.
You didn't know any spells.
Your spell library was empty.

Dungeon Overview and Level Annotations

Branches:
Dungeon (3/15)

Altars:
Uskayaw


Innate Abilities, Weirdness & Mutations

You reflexively headbutt those who attack you in melee.
You have a pair of horns on your head.


Message History

The orc wizard casts a spell at you. The magic dart hits you.
You hit the orc wizard. Your headbutt misses the orc wizard.
The orc wizard is moderately wounded.
The orc priest calls down the wrath of Beogh upon you.
Beogh smites you!
* * * LOW HITPOINT WARNING * * *
The orc wizard barely misses you.
You barely miss the orc wizard. Your headbutt misses the orc wizard.
The orc wizard is moderately wounded.
You block the orc wizard's attack.
Found 5 sling bullets.
You hit the orc wizard but do no damage.
You headbutt the orc wizard, but do no damage.
The orc wizard is moderately wounded.
The orc wizard hits you but does no damage.
You miss the orc wizard.
The orc wizard is moderately wounded.
The orc wizard hits you with a +0 dagger.
You die...

..... .... # #...
#.####... .#
#.!.....## ## .#
.......< (# .# #.#
#...# .# .# #.#
#%#$#####.##.# .# #.#
#.#..ooo@....#
.####.###.#.#####.####
..........#.## .#
....#.#.#....# .#
#.#....###...####.#
#...#...#..........
##.#####..#.######.
#.# #..#.# . #.#
#..#.#


You could see an orc priest, an orc wizard and an orc.

Vanquished Creatures
  4 gnolls (D:2)
  An ooze (D:3)
  3 dart slugs
  A leopard gecko (D:2)
  An orc (D:3)
  2 ball pythons (D:1)
  6 bats
  3 giant cockroaches
  6 goblins
  3 hobgoblins
  7 kobolds
  5 frilled lizards
  3 rats (D:1)
45 creatures vanquished.

Notes
Turn   | Place    | Note
-------+----------+-------------------------------------------
     0 | D:1      | krpopo the Minotaur Fighter began the quest for the Orb.
     0 | D:1      | Reached XP level 1. HP: 19/19 MP: 0/0
   202 | D:1      | Reached XP level 2. HP: 27/27 MP: 1/1
   829 | D:2      | Reached XP level 3. HP: 33/33 MP: 2/2
   848 | D:2      | Reached XP level 4. HP: 27/41 MP: 3/3
  1340 | D:3      | Found a hide-covered altar of Uskayaw.
  1433 | D:3      | HP: 1/41 [orc priest/divine providence (14)]
  1438 | D:3      | Slain by an orc wizard

Illustrated notes

Levels and vault maps discovered:
D:1:      heliophobic_arrival_battle_scene, layout_basic, item_on_display_a
D:2:      layout_rooms
D:3:      layout_loops_ring, eat_drink_and_be_merry_uskayaw, first_ration,
          uniq_ijyb, uniq_terence

Skill      XL: |  1  2  3 |
---------------+----------+-----
Fighting       | 4 |  4.5
Shields        | 4 |  4.6
Polearms       | 3 |  3.9
Armour         | |  3.7

Action                   |  1- 3 |  4- 6 || total
-------------------------+-------+-------++-------
Melee: Trident           |    83 |    67 ||   150
       Headbutt          |     9 |     9 ||    18
  Eat: Chunk             |       |     2 ||     2
Armor: Scale mail        |    21 |    19 ||    40
Dodge: Dodged            |    16 |    12 ||    28
Block: Kite shield       |    35 |    27 ||    62
